 Dungeon Crawl Stone Soup version 0.29.1-2-gbd0b4ee654 (webtiles) character file.

Game seed: 4889858465978466803

32 Icepheonix32 the Covered (level 2, -3/25 HPs)
             Began as a Demigod Fighter on Nov 3, 2022.
             Succumbed to Ijyb's poison
             ... on level 4 of the Dungeon.
             The game lasted 00:01:01 (780 turns).

Icepheonix32 the Covered (Demigod Fighter)           Turns: 780, Time: 00:01:01

Health: -3/25      AC:  7    Str: 17    XL:     2   Next: 93%
Magic:  2/4        EV:  9    Int: 10    God:
Gold:   73         SH:  4    Dex: 13    Spells: 1/1 levels left

rFire   . . .      SeeInvis .   o - +1 short sword (vamp)
rCold   . . .      Faith    .   c - +0 buckler
rNeg    . . .      Spirit   +   b - +0 scale mail
rPois   .          Reflect  .   (no helmet)
rElec   .          Harm     .   (no cloak)
rCorr   .          Rampage  .   j - +0 pair of gloves
Will    .....                   (no boots)
Stlth   ..........              n - amulet of guardian spirit
HPRegen 0.08/turn               (no ring)
MPRegen 0.09/turn               (no ring)

@: mighty, lethally poisoned (-3 -> -25)
A: high MP 1, forlorn, divine attributes
a: no special abilities


You were on level 4 of the Dungeon.
You visited 1 branch of the dungeon, and saw 3 of its levels.

You collected 73 gold pieces.

Inventory:

Hand Weapons
 a - a +0 war axe
 o - a +1 vampiric short sword (weapon)
Armour
 b - a +0 scale mail (worn)
 c - a +0 buckler (worn)
 j - a +0 pair of gloves (worn)
Jewellery
 n - an amulet of guardian spirit (around neck)
Scrolls
 e - a scroll of teleportation {unknown}
 f - a scroll of immolation {unknown}
 g - a scroll of identify {unknown}
 l - a scroll of enchant armour {unknown}
 m - a scroll of blinking {unknown}
 p - a scroll of vulnerability {unknown}
Potions
 h - a potion of haste {unknown}
 i - a potion of attraction {unknown}
 k - a potion of degeneration {unknown}
 q - a potion of mutation {unknown}


   Skills:
 + Level 2.8 Fighting
 + Level 0.3 Short Blades
 - Level 2.1 Axes
 + Level 3.1 Armour
 + Level 3.0 Shields


You had one spell level left.
You didn't know any spells.
Your spell library contained the following spells:

 Spells                   Type           Power      Damage    Failure   Level
 Ozocubu's Armour         Ice            0%         N/A       99%         3
 Ozocubu's Refrigeration  Ice            0%         4d7       100%        7


Dungeon Overview and Level Annotations

Branches:
Dungeon (2/15)

Annotations:
D:4 Ijyb


Innate Abilities, Weirdness & Mutations

You have an increased reservoir of magic. (+10% MP)
You shall have no god before yourself.
Your divine heritage dramatically boosts your attributes as you level up.


Message History

No target in view!
No target in view!
No target in view!
No target in view!
No target in view!
No target in view!
Things that are here:
a +0 club; a +0 sling; a goblin corpse
There is a fountain of clear blue water here.
Ijyb the Twisted Goblin comes into view.
She is wielding a +1 dagger of venom and carrying a wand of iceblast (2).
Ijyb shouts!
You aren't carrying any items that you can evoke.
You feel very mighty all of a sudden.
You hit Ijyb.
Ijyb is lightly wounded.
Ijyb hits you with a +1 dagger of venom.
You are poisoned.
You hit Ijyb.
You feel better.
Ijyb is moderately wounded.
You feel very sick. Ijyb hits you but does no damage.
You are more poisoned.
You barely miss Ijyb.
Ijyb is moderately wounded.
You feel very sick.
Ijyb hits you with a +1 dagger of venom. x2
You are more poisoned.
You closely miss Ijyb.
Ijyb is moderately wounded.
You feel very sick. Ijyb hits you but does no damage.
You are more poisoned.
You closely miss Ijyb.
Ijyb is moderately wounded.
* * * LOW HITPOINT WARNING * * *
You feel extremely sick. Ijyb hits you but does no damage.
You closely miss Ijyb.
Ijyb is moderately wounded.
You die...

# ### ### ## #
..#8###8###⌠###8###8#
.....................
...[..g@..........[..
.............).......
.
..#8###8##...##8###8#
#...########...####
#.......#8...8#
#######.##...##
#.##...# #.##...##
#.#8...8#


You could see Ijyb.

Vanquished Creatures
  An adder (D:2)
  A dart slug (D:1)
  A ball python (D:1)
  2 endoplasms (D:1)
  2 giant cockroaches (D:1)
  2 hobgoblins (D:1)
  A quokka (D:1)
  A frilled lizard (D:1)
  4 goblins
  3 kobolds
  2 rats (D:1)
20 creatures vanquished.

Notes
Turn   | Place    | Note
-------+----------+-------------------------------------------
     0 | D:1      | Icepheonix32 the Demigod Fighter began the quest for the
                  | Orb.
     0 | D:1      | Reached XP level 1. HP: 18/18 MP: 3/3
   215 | D:1      | Reached XP level 2. HP: 25/25 MP: 4/4
   740 | D:2      | You fall into a shaft and drop 2 floors!
   771 | D:4      | Noticed Ijyb
   780 | D:4      | Succumbed to Ijyb's poison

Illustrated notes

Levels and vault maps discovered:
D:1:      roderic_chinese_lattice_arrival, layout_rooms,
          hellmonk_ecumenical_altar_heavens_door
D:2:      minmay_spotlight, layout_basic, guppyfry_early_orc_mine
D:4:      layout_rooms, serial_corexii_hall, corexii_hall_statues_t,
          chequers_hall_statues_corner_a, corexii_item_surrounded_by_moat,
          uniq_edmund, uniq_sigmund, uniq_ijyb

Skill      XL: |  1  2 |
---------------+-------+-----
Axes           | 2 |  2.1
Armour         | 3 |  3.1
Shields        | 3 |  3.0
Fighting       | |  2.8
Short Blades   | |  0.3

Action                   || total
-------------------------++-------
Melee: War axe           ||    42
       Short sword       ||    23
  Use: Potion            ||     1
Armor: Scale mail        ||    35
Dodge: Dodged            ||    28
Block: Buckler           ||    20
